 Dungeon Crawl Stone Soup version 0.18.1-6-gd335043 (webtiles) character file.

4111 M4edhros the Spear-Bearer (level 10, -7/111 (115) HPs)
             Began as a Formicid Fighter on May 16, 2016.
             Was a Priest of Dithmenos.
             Killed from afar by a molten gargoyle (9 damage)
             ... with a bolt of magma
             ... on level 9 of the Dungeon.
             The game lasted 00:14:37 (8701 turns).

M4edhros the Spear-Bearer (Formicid Fighter)        Turns: 8701, Time: 00:14:38

HP:   -7/111 (115)  AC: 29    Str: 20    XL:     10   Next: 51%
MP:   10/10         EV:  2    Int: 14    God:    Dithmenos [***...]
Gold: 535           SH: 11    Dex: 18    Spells: 0 memorised, 9 levels left

rFire  + + .     SeeInvis .     F - +2 spear
rCold  + . .     Gourm    +     (armour currently unavailable)
rNeg   + + +     Faith    .     c - +0 shield
rPois  +         Spirit   .     (helmet unavailable)
rElec  +         Dismiss  .     (cloak currently unavailable)
rCorr  +         Reflect  .     (gloves currently unavailable)
SustAt .         Harm     .     (boots currently unavailable)
MR     +....                    L - amulet of the gourmand
Stlth  ++++......               s - ring of protection from fire
                                G - +4 ring of protection

@: brilliant, agile, tree-form, resistant, very slightly contaminated, wreathed
by umbra, invisible, somewhat resistant to hostile enchantments, stealthy
A: permanent stasis, dig shafts and tunnels, four strong arms, (antennae 0)
a: Shadow Step, Renounce Religion


You were on level 9 of the Dungeon.
You worshipped Dithmenos.
Dithmenos was most pleased with you.
You were hungry.
You were a tree.
You visited 2 branches of the dungeon, and saw 10 of its levels.

You collected 535 gold pieces.

Inventory:

Hand Weapons
 a - a +0 trident
 n - a +1 spear of venom
 q - a +1 dagger of venom
 r - a +1 whip of electrocution
 F - a +2 spear (weapon)
 J - a +0 halberd
 N - a +0 arbalest of flaming
Armour
 b - a +0 scale mail
 c - a +0 shield (worn)
 e - a +0 plate armour
 o - a +0 cloak (melded)
 C - a +1 robe of resistance (melded)
Jewellery
 i - an uncursed ring of fire
 p - an uncursed ring of wizardry
 s - a ring of protection from fire (right branch)
 A - an uncursed ring of protection from magic
 G - a +4 ring of protection (left branch)
 K - an uncursed ring of flight
 L - an amulet of the gourmand (around neck)
Wands
 E - a wand of acid (0/15)
Scrolls
 g - 4 scrolls of remove curse
 m - 9 scrolls of identify
 w - a scroll of magic mapping
 y - 2 scrolls of teleportation {unknown}
 z - 2 scrolls of recharging {unknown}
 O - a scroll of acquirement {unknown}
 P - a scroll of fog {unknown}
Potions
 d - 3 potions of flight
 j - a potion of agility
 D - a potion of cure mutation
Books
 x - a book of Power

   Spells                             Type                      Level
   a - Fulminant Prism                Conjuration/Hexes            4
   b - Iskenderun's Mystic Blast      Conjuration                  4
   c - Venom Bolt                     Conjuration/Poison           5
   d - Bolt of Magma                  Conjuration/Fire/Earth       5
   e - Iron Shot                      Conjuration/Earth            6
   f - Orb of Destruction             Conjuration                  7
   g - Spellforged Servitor           Conjuration/Summoning        7
 Q - a book of Summonings

   Spells                             Type                      Level
   a - Recall                         Summoning/Translocation      3
   b - Aura of Abjuration             Summoning                    5
   c - Summon Demon                   Summoning                    5
   d - Summon Forest                  Summoning/Translocation      5
   e - Summon Mana Viper              Hexes/Summoning              5
   f - Shadow Creatures               Summoning                    6
Miscellaneous
 M - a phial of floods (inert)
Comestibles
 f - 7 bread rations
 l - 3 meat rations
 t - 2 slices of pizza
 B - 4 beef jerkies
 H - 3 fruits


   Skills:
 + Level 6.5 Fighting
 + Level 11.4 Polearms
 - Level 3.2 Armour
 + Level 4.6 Dodging
 + Level 7.2 Shields


You had 9 spell levels left.
You didn't know any spells.

Dungeon Overview and Level Annotations

Branches:
Dungeon (9/15)             Temple (1/1) D:4
   Lair: D:8-11         Orc: D:9-12

Altars:
Ashenzari
Cheibriados
Dithmenos
Elyvilon
Fedhas
Gozag
Makhleb
Okawaru
Pakellas
Qazlal
Vehumet
Yredelemnul
Zin
The Shining One

Annotations:
D:6 2 runed doors


Innate Abilities, Weirdness & Mutations

You are under a permanent stasis effect.
You can dig through walls and to a lower floor.
Your four strong arms can wield two-handed weapons with a shield.
((You have a pair of large antennae on your head (SInv).))


Message History

Read which item? (? for menu, Esc to quit)
Okay, then.
Okay, then.
Aiming: Shadow Step
Press: ? - help, Dir - move target cursor, f - molten gargoyle
Aim: a molten gargoyle, wielding a morningstar (lightly damaged, umbra) That shadow isn't sufficiently still.
Okay, then.
Evoke which item? (* to show all) (? for menu, Esc to quit)
Okay, then.
Evoke which item? (* to show all) (? for menu, Esc to quit)
Zapping:
E - a wand of acid (will waste charges)
Press: ? - help, Shift-Dir - straight line, f - molten gargoyle
Aim: a molten gargoyle, wielding a morningstar (lightly damaged, umbra)
The bolt of acid misses the molten gargoyle.
Evoking this partially-identified wand wasted a few charges.
The molten gargoyle blasts magma at you!
Helpless, you fail to dodge the bolt of magma.
You partially resist.
You die...

##.###..## ### ##..#
#..# ######### #..#
.......# #..## ###
#.#.#.# ##..# ##.#
.#.#.#.#..### #..# #.##
.§≈§≈§..#.99###..####.#
≈§§§≈≈§#..)♣......##..#
≈§≈≈≈§9.####.........##
≈§88§§.# ####...##..##
≈≈88≈≈. ##..####..##
≈≈≈≈9≈9 #..## #...###
≈≈§≈≈≈. ##..# ##....#
.≈.≈... ##..## #.####
.#.# #. #...# ##.#
.#.#.###..## ##.##


You could see 3 molten gargoyles.

Vanquished Creatures
  Pikel (D:4)
  A molten gargoyle (D:9)
  A wraith (D:6)
  The ghost of namelastname112 the Sneak, an amateur DrEn (D:4)
  A mottled dragon (D:6)
  Duvessa (D:6)
  An ice beast (D:6)
  3 sky beasts (D:5)
  2 phantoms (D:8)
  A necrophage (D:6)
  An ogre (D:4)
  3 centaurs
  4 giant frogs
  5 scorpions
  Dowan (D:6)
  5 killer bees (D:8)
  4 wights (D:6)
  3 howler monkeys
  3 crimson imps
  A quasit (D:7)
  2 hounds
  A centaur skeleton (D:5)
  2 jellies (D:8)
  Crazy Yiuf (D:4)
  5 worker ants
  Ijyb (D:2)
  4 iguanas
  Natasha (thrice) (D:2)
  4 orc wizards
  A hound skeleton (D:4)
  A howler monkey zombie (D:6)
  A worker ant zombie (D:6)
  5 gnolls
  6 adders
  4 worms
  A dart slug (D:2)
  9 giant geckos
  24 orcs
  7 bats
  7 giant cockroaches
  9 goblins
  6 hobgoblins
  18 jackals
  5 kobolds
  4 quokkas
  3 ball pythons
  A giant gecko skeleton (D:5)
  3 giant newts
  A jackal skeleton (D:8)
  2 jackal zombies (D:6)
  2 quokka skeletons
  7 rats
193 creatures vanquished.

Vanquished Creatures (others)
  2 slaves (D:4)
  An orc wizard (D:4)
  2 orcs (D:4)
  A jackal (D:4)
6 creatures vanquished.

Grand Total: 199 creatures vanquished

Notes
Turn   | Place    | Note
--------------------------------------------------------------
     0 | D:1      | M4edhros the Formicid Fighter began the quest for the Orb.
     0 | D:1      | Reached XP level 1. HP: 18/18 MP: 1/1
   156 | D:1      | Reached XP level 2. HP: 24/24 MP: 2/2
   383 | D:2      | Reached skill level 3 in Polearms
   542 | D:2      | Reached XP level 3. HP: 29/29 MP: 3/3
   657 | D:2      | Noticed Ijyb
   680 | D:2      | Killed Ijyb
   680 | D:2      | Reached skill level 4 in Polearms
   680 | D:2      | Reached XP level 4. HP: 35/35 MP: 4/4
   800 | D:2      | Noticed Natasha
   809 | D:2      | Killed Natasha
   928 | D:2      | Noticed Natasha
   933 | D:2      | Killed Natasha
   933 | D:2      | Reached XP level 5. HP: 41/41 MP: 5/5
   957 | D:2      | Noticed Natasha
   986 | D:2      | Killed Natasha
   986 | D:2      | Reached skill level 5 in Polearms
  1560 | D:4      | Found a shattered altar of Ashenzari.
  1588 | D:4      | Noticed namelastname112's ghost (amateur DrEn)
  1764 | D:4      | Found a staircase to the Ecumenical Temple.
  1778 | D:4      | Noticed Pikel
  1778 | D:4      | Noticed a slave
  1778 | D:4      | Noticed a slave
  1779 | D:4      | Found a glowing silver altar of Zin.
  1779 | D:4      | Noticed a slave
  1779 | D:4      | Noticed a slave
  1799 | D:4      | Killed Pikel
  1799 | D:4      | Reached skill level 8 in Polearms
  1799 | D:4      | Reached XP level 6. HP: 11/47 MP: 6/6
  1799 | D:4      | Reached XP level 7. HP: 12/52 MP: 7/7
  2039 | D:4      | Reached XP level 8. HP: 36/58 MP: 8/8
  2069 | D:4      | Killed namelastname112's ghost
  2185 | Temple   | Entered the Ecumenical Temple
  2310 | Temple   | Became a worshipper of Dithmenos the Shadowed
  2385 | D:4      | Reached skill level 9 in Polearms
  3115 | D:3      | Found a white marble altar of Elyvilon.
  3834 | D:4      | Reached * piety under Dithmenos
  3869 | D:4      | Noticed Crazy Yiuf
  3879 | D:4      | Killed Crazy Yiuf
  4117 | D:5      | Entered Level 5 of the Dungeon
  4192 | D:5      | Reached skill level 10 in Polearms
  4275 | D:5      | Gained mutation: You expend magic power (3 MP) to strengthen your wands. [mutagenic meat]
  4329 | D:5      | Reached XP level 9. HP: 58/64 MP: 9/9
  4333 | D:5      | Gained mutation: You possess an exceptional clarity of mind. [mutagenic meat]
  4334 | D:5      | Gained mutation: You have a somewhat thin skeletal structure (Dex +2, Stealth). [mutagenic meat]
  4335 | D:5      | Gained mutation: Your mind is acute. (Int +2) [mutagenic meat]
  4336 | D:5      | Gained mutation: Your mind is very acute. (Int +4) [mutagenic meat]
  4337 | D:5      | Lost mutation: You have a somewhat thin skeletal structure (Dex +2, Stealth). [mutagenic meat]
  4889 | D:6      | Reached ** piety under Dithmenos
  4889 | D:6      | Reached skill level 11 in Polearms
  4930 | D:6      | Reached skill level 1 in Dodging
  5002 | D:6      | Found a large runed door.
  5006 | D:6      | Found a large runed door.
  5039 | D:6      | Found a large runed door.
  5039 | D:6      | Found a large runed door.
  5063 | D:6      | Noticed Dowan
  5066 | D:6      | Noticed Duvessa
  5074 | D:6      | Killed Dowan
  5100 | D:6      | Killed Duvessa
  5241 | D:6      | Found an opulent altar of Gozag.
  5434 | D:6      | Reached skill level 5 in Shields
  5880 | D:6      | Reached skill level 5 in Fighting
  6439 | D:6      | Reached XP level 10. HP: 33/71 MP: 10/10
  7040 | D:7      | Reached *** piety under Dithmenos
  8114 | D:8      | Found a glowing golden altar of the Shining One.
  8667 | D:9      | Noticed a molten gargoyle
  8672 | D:9      | Noticed a molten gargoyle
  8672 | D:9      | Noticed a molten gargoyle
  8690 | D:9      | Killed a molten gargoyle
  8691 | D:9      | Lost mutation: You possess an exceptional clarity of mind. [potion of cure mutation]
  8691 | D:9      | Lost mutation: Your mind is very acute. (Int +4) [potion of cure mutation]
  8691 | D:9      | Lost mutation: Your mind is acute. (Int +2) [potion of cure mutation]
  8691 | D:9      | Lost mutation: You expend magic power (3 MP) to strengthen your wands. [potion of cure mutation]
  8693 | D:9      | Noticed a molten gargoyle
  8700 | D:9      | HP: 3/111 [molten gargoyle/morningstar (7)]
  8700 | D:9      | HP: 1/111 [molten gargoyle/morningstar (2)]
  8701 | D:9      | Killed from afar by a molten gargoyle

Skill      XL: |  1  2  3  4  5  6  7  8  9 10 |
---------------+-------------------------------+-----
Polearms       | 3 4 8 10 11 | 11.4
Dodging        | 3 4 |  4.6
Shields        | 5 7 |  7.2
Fighting       | 5 6 |  6.5
Armour         | |  3.2

Action                   |  1- 3 |  4- 6 |  7- 9 | 10-12 || total
-------------------------+-------+-------+-------+-------++-------
Melee: Trident           |    93 |    33 |    59 |       ||   185
       Spear             |       |   125 |   425 |   208 ||   758
       Dagger            |       |       |    82 |       ||    82
       Halberd           |       |       |       |    28 ||    28
Evoke: Wand              |       |       |       |     1 ||     1
       Phial of floods   |       |       |       |     1 ||     1
  Use: Scroll            |       |       |     4 |     7 ||    11
       Potion            |       |       |     1 |     9 ||    10
 Stab: Distracted        |       |       |     3 |     1 ||     4
       Sleeping          |       |       |     2 |     2 ||     4
       Invisible         |       |       |       |     2 ||     2
  Eat: Chunk             |       |     3 |    22 |     5 ||    30
       Royal jelly       |       |       |       |     1 ||     1
Armor: Plate armour      |    40 |    86 |    68 |       ||   194
       Scale mail        |       |       |    23 |       ||    23
       Robe              |       |       |    13 |    19 ||    32
       Skin              |       |       |       |    21 ||    21
Dodge: Dodged            |     9 |    24 |   108 |    62 ||   203
Block: Shield            |    29 |    64 |   164 |    66 ||   323
